 Dungeon Crawl Stone Soup version 0.17-a0-1920-gafa4d75 (webtiles) character file.

6552 Kuldar the Thaumaturge (level 10, -7/50 HPs)
             Began as a Deep Elf Wizard on Sept 27, 2015.
             Was an Elder of Yredelemnul.
             Mangled by a spiny frog (16 damage)
             ... on level 10 of the Dungeon.
             The game lasted 01:37:25 (10167 turns).

Kuldar the Thaumaturge (Deep Elf Wizard)           Turns: 10167, Time: 01:37:27

Health: -7/50      AC:  6    Str:  4    XL:     10   Next: 70%
Magic:  12/30      EV: 13    Int: 27    God:    Yredelemnul [****..]
Gold:   469        SH:  0    Dex: 15    Spells: 7 memorised, 22 levels left

rFire  + . .     SeeInvis .     P - +1 battleaxe "Bisiph" {venom, rC+}
rCold  + . .     Clarity  .     l - +0 robe
rNeg   + . .     SustAt   .     (no shield)
rPois  .         Gourm    .     b - +0 hat
rElec  .         Spirit   .     a - +1 cloak
rCorr  +         Warding  .     Y - +0 pair of gloves
rMut   .         Stasis   .     T - +0 pair of boots
MR     +....                    x - amulet of resist corrosion
Stlth  +.........               (no ring)
                                r - ring of positive energy

@: confused, lethally poisoned (-7 -> -22), repel missiles, somewhat resistant
to hostile enchantments, very unstealthy
A: agile 1, blurry vision 1, fire resistance 1, sense surroundings 1
a: Animate Dead, Recall Undead Slaves, Injury Mirror, Drain Life, Renounce
Religion


You were on level 10 of the Dungeon.
You worshipped Yredelemnul.
Yredelemnul was greatly pleased with you.
You were not hungry.

You visited 2 branches of the dungeon, and saw 11 of its levels.

You collected 469 gold pieces.

Inventory:

Hand weapons
 n - a +2 falchion of draining
 s - a +0 blowgun
 v - a +1 dagger of pain
 P - the +1 battleaxe "Bisiph" (weapon) {venom, rC+}
   (You found it on level 10 of the Dungeon)

   It poisons the flesh of those it strikes.
   It protects you from cold.
 S - a +3 mace
 U - a +1 dagger of draining
 W - a +4 rapier
 X - a +0 longbow of flaming
Missiles
 o - 6 javelins of returning (quivered)
 t - 19 poisoned needles
 E - 18 arrows of dispersal
 J - 5 poisoned tomahawks
Armour
 a - a +1 cloak (worn)
 b - a +0 hat (worn)
 l - a +0 robe (worn)
 G - the cursed +0 ring mail of the Rose {rN++ Int+4 Dex+5, unknown}
   (You found it on level 10 of the Dungeon)

   It affects your intelligence (+4).
   It affects your dexterity (+5).
   It greatly protects you from negative energy.
   It has a curse placed upon it.
 T - a +0 pair of boots (worn)
 Y - a +0 pair of gloves (worn)
Jewellery
 r - a ring of positive energy (left hand)
 x - an amulet of resist corrosion (around neck)
Magical devices
 C - a wand of magic darts (26)
 I - a wand of confusion (17)
 Z - a wand of polymorph (10)
Scrolls
 e - 10 scrolls of identify
 g - 4 scrolls of teleportation {unknown}
 i - a scroll of random uselessness {unknown}
 j - 2 scrolls of magic mapping {unknown}
 p - 4 scrolls of remove curse
 w - a scroll of noise {unknown}
 y - a scroll of recharging {unknown}
 B - a scroll of fog {unknown}
 H - a scroll of enchant armour {unknown}
 M - a scroll of enchant weapon {unknown}
 Q - a scroll of silence {unknown}
 R - a scroll of amnesia {unknown}
 V - a scroll of blinking {unknown}
Potions
 f - a potion of agility
 h - 2 potions of heal wounds {unknown}
 k - a potion of magic {unknown}
 u - a potion of flight {unknown}
 z - a potion of cancellation {unknown}
 D - 2 potions of invisibility
 K - a potion of ambrosia {unknown}
 L - 3 potions of curing
 N - a potion of haste {unknown}
Books
 c - a book of Minor Magic

   Spells                             Type                      Level
   a - Magic Dart                     Conjuration                  1
   b - Blink                          Translocation                2
   c - Call Imp                       Summoning                    2
   d - Repel Missiles                 Charms/Air                   2
   e - Slow                           Hexes                        2
   f - Conjure Flame                  Conjuration/Fire             3
   g - Mephitic Cloud                 Conjuration/Poison/Air       3
 A - a book of Maledictions

   Spells                             Type                      Level
   a - Corona                         Hexes                        1
   b - Ensorcelled Hibernation        Hexes/Ice                    2
   c - Confuse                        Hexes                        3
   d - Tukima's Dance                 Hexes                        3
   e - Dazzling Spray                 Conjuration/Hexes            3
 O - a book of Alchemy

   Spells                             Type                      Level
   a - Sublimation of Blood           Necromancy                   2
   b - Ignite Poison                  Fire/Transmutation/Poison    3
   c - Alistair's Intoxication        Transmutation/Poison         4
   d - Condensation Shield            Ice                          4
   e - Petrify                        Transmutation/Earth          4
   f - Irradiate                      Conjuration/Transmutation    5
Comestibles
 d - 11 bread rations
 m - 3 slices of pizza
 q - 7 meat rations
 F - 6 beef jerkies


   Skills:
 - Level 2.6 Dodging
 - Level 2.4 Stealth
 * Level 14.8 Spellcasting
 * Level 10.5 Conjurations
 - Level 3.3 Charms
 - Level 3.0 Summonings
 - Level 3.1 Translocations
 - Level 3.0 Transmutations
 - Level 3.1 Poison Magic


You had 22 spell levels left.
You knew the following spells:

 Your Spells              Type           Power        Failure   Level  Hunger
a - Magic Dart            Conj           ####         1%          1    None
b - Blink                 Tloc           N/A          1%          2    None
c - Call Imp              Summ           #####...     1%          2    None
d - Repel Missiles        Chrm/Air       ####..       1%          2    None
e - Conjure Flame         Conj/Fire      #####...     1%          3    None
f - Ignite Poison         Fire/Trmt/Pois ####....     3%          3    None
g - Mephitic Cloud        Conj/Pois/Air  #####...     1%          3    None


Dungeon Overview and Level Annotations

Branches:
Dungeon (10/15)            Temple (1/1) D:6            Lair (0/8) D:10
    Orc (0/4) D:9

Altars:
Ashenzari
Cheibriados
Elyvilon
Fedhas
Gozag
Kikubaaqudgha
Nemelex Xobeh
Ru
Vehumet
Xom
Yredelemnul
Zin
The Shining One

Annotations:
D:5 DecibelRebel's ghost, experienced HEHu


Innate Abilities, Weirdness & Mutations

You are agile. (Dex +2)
Scrolls take you a little longer to read.
Your flesh is heat resistant.
You passively map a small area around you.


Message History

The killer bee zombie misses you. The spiny frog misses you.
The phantom blinks!
The killer bee zombie hits you! The spiny frog stings you!!
You are lethally poisoned!
The spiny frog poisons you!
* * * LOW HITPOINT WARNING * * *
You feel sick. The killer bee zombie hits you.
* * * LOW HITPOINT WARNING * * *
Casting: Mephitic Cloud
Confirm with . or Enter, or press ? or * to list all spells.
Okay, then.
Use which ability?
Okay, then.
Casting: Mephitic Cloud
Confirm with . or Enter, or press ? or * to list all spells.
You blink.
You are engulfed in noxious fumes.
You choke on the stench!
You are confused.
* * * LOW HITPOINT WARNING * * *
x2 You feel sick.
The spiny frog stings you!
You die...
Your body rises from the dead as a mindless zombie.

#...############........+....#
#...# #..# #......<.#....# #..Z#
#..# #........#....# #Z..# #..#
#........#'#### ###'# #..#
#.##'#........#
#..#####.§#####.'..#........###
#.....#.......§§#..+...........
####'####......ZF§#..#...........
.ZZZZ.......W...@§#..............
Z####....####.....#...PP....##+.#
.# #....# #.....[.P.......'....
.# #....# #...PP.PP....P..#...#
Z# #....# #.......P...P.P.#....
Z# #....# #....P...P.PP.P.....#
Z# #....# #.....P.####P.P.....#
.############....P.P#.>#...P...##
............†...P...#).#..P....##


You could see a spiny frog, a phantom and a killer bee zombie.

Vanquished Creatures
  A centaur warrior (D:9)
  Sigmund (D:2)
  A deep elf mage (D:9)
  A wyvern (D:9)
  3 hippogriffs
  Grum (D:8)
  4 wolves (D:8)
  A deep elf fighter (D:10)
  3 water moccasins
  3 orc warriors
  2 sky beasts (D:5)
  6 ogres
  A wasp (D:9)
  4 centaurs
  2 big kobolds
  2 crocodiles (D:10)
  A gnoll sergeant (D:9)
  5 giant frogs
  6 killer bees (D:8)
  2 jellies
  2 scorpions
  5 wights
  5 crimson imps
  An orc priest (D:9)
  A wasp zombie (D:6)
  4 hounds
  Ijyb (D:2)
  A giant frog skeleton (D:4)
  2 orc wizards
  Terence (D:3)
  3 worker ants
  4 iguanas
  A killer bee zombie (D:10)
  A crocodile zombie (D:10)
  2 hound zombies
  A crocodile skeleton (D:10)
  12 adders
  2 river rats (D:10)
  4 gnolls (D:9)
  3 shadow imps (D:9)
  3 oozes
  3 adder zombies
  4 worms
  7 giant geckos
  23 orcs
  13 bats
  4 giant cockroaches
  3 goblins
  11 hobgoblins
  11 jackals
  8 quokkas
  A giant gecko skeleton (D:8)
  8 giant newts
  12 kobolds
  14 rats
231 creatures vanquished.

Vanquished Creatures (collateral kills)
  A hippogriff (D:7)
  A phantom (D:8)
  2 ice beasts
  A killer bee (D:8)
  3 wights (D:8)
  An adder (D:7)
  6 bats (D:10)
  2 jackals (D:10)
  A quokka (D:10)
  2 rats (D:10)
20 creatures vanquished.

Vanquished Creatures (others)
  A hippogriff skeleton (D:8)
  A wolf skeleton (D:8)
  A centaur skeleton (D:9)
  A centaur zombie (D:5)
  5 bat zombies (D:10)
  2 gnoll zombies (D:9)
  A jackal zombie (D:8)
  An orc skeleton (D:7)
  A rat skeleton (D:10)
  3 rat zombies (D:10)
17 creatures vanquished.

Grand Total: 268 creatures vanquished

Notes
Turn   | Place    | Note
--------------------------------------------------------------
     0 | D:1      | Kuldar the Deep Elf Wizard began the quest for the Orb.
     0 | D:1      | Reached XP level 1. HP: 10/10 MP: 7/7
   540 | D:2      | Reached XP level 2. HP: 15/15 MP: 4/9
   544 | D:2      | Learned a level 2 spell: Blink
   547 | D:2      | Learned a level 2 spell: Call Imp
   550 | D:2      | Learned a level 2 spell: Repel Missiles
   578 | D:2      | Reached skill level 5 in Spellcasting
   694 | D:2      | Noticed Ijyb
   982 | D:2      | Reached XP level 3. HP: 19/19 MP: 6/12
   987 | D:2      | Learned a level 3 spell: Conjure Flame
   991 | D:2      | Learned a level 3 spell: Mephitic Cloud
  1444 | D:2      | Killed Ijyb
  1444 | D:2      | Reached skill level 6 in Spellcasting
  1513 | D:2      | Noticed Sigmund
  1518 | D:2      | Killed Sigmund
  1518 | D:2      | Reached skill level 7 in Spellcasting
  1518 | D:2      | Reached XP level 4. HP: 24/24 MP: 2/15
  1518 | D:2      | Reached XP level 5. HP: 28/28 MP: 2/16
  1922 | D:3      | Found a faded altar to an unknown god.
  1937 | D:3      | Became a worshipper of Yredelemnul the Dark
  1937 | D:3      | Acquired Yredelemnul's first power
  1937 | D:3      | Noticed Terence
  1996 | D:3      | Killed Terence
  1996 | D:3      | Reached XP level 6. HP: 29/32 MP: 5/18
  2286 | D:3      | Reached skill level 1 in Poison Magic
  2444 | D:4      | Reached skill level 8 in Spellcasting
  2504 | D:4      | Found a shimmering altar of Xom.
  3211 | D:5      | Entered Level 5 of the Dungeon
  3281 | D:5      | Noticed DecibelRebel's ghost (experienced HEHu)
  3309 | D:5      | Found a snail-covered altar of Cheibriados.
  3597 | D:5      | Gained mutation: You are agile. (Dex +2) [mutagenic meat]
  3598 | D:5      | Gained mutation: Your flesh is heat resistant. [mutagenic meat]
  3614 | D:6      | Reached XP level 7. HP: 30/36 MP: 12/20
  3806 | D:5      | Reached skill level 5 in Conjurations
  4097 | D:6      | Noticed a water moccasin
  4246 | D:6      | Killed a water moccasin
  4246 | D:6      | Acquired Yredelemnul's second power
  4327 | D:5      | Reached XP level 8. HP: 35/41 MP: 0/22
  4418 | D:4      | Gained mutation: Scrolls take you a little longer to read. [mutagenic meat]
  4419 | D:4      | Gained mutation: You passively map a small area around you. [mutagenic meat]
  4420 | D:4      | Gained mutation: You have large cloven feet. [mutagenic meat]
  4421 | D:4      | Lost mutation: You have large cloven feet. [mutagenic meat]
  4668 | D:6      | Found a staircase to the Ecumenical Temple.
  4675 | Temple   | Entered the Ecumenical Temple
  4995 | D:7      | Found a radiant altar of Vehumet.
  5036 | D:7      | Found a shattered altar of Ashenzari.
  5127 | D:7      | Reached skill level 9 in Conjurations
  5722 | D:7      | Found a white marble altar of Elyvilon.
  5830 | D:7      | Reached skill level 10 in Conjurations
  5949 | D:6      | HP: 2/41 [orc warrior/long sword (21)]
  6049 | D:7      | Reached XP level 9. HP: 27/45 MP: 12/23
  6479 | D:8      | Reached skill level 10 in Spellcasting
  6598 | D:9      | Found a shimmering altar of Xom.
  6624 | D:9      | Found a blossoming altar of Fedhas.
  6624 | D:9      | Found a snail-covered altar of Cheibriados.
  6625 | D:9      | Found a glowing golden altar of the Shining One.
  6627 | D:9      | Found a sacrificial altar of Ru.
  6954 | D:9      | Reached skill level 11 in Spellcasting
  6960 | D:9      | Found a staircase to the Orcish Mines.
  7386 | D:8      | Reached skill level 12 in Spellcasting
  7419 | D:8      | Learned a level 3 spell: Ignite Poison
  7453 | D:8      | Found a glowing silver altar of Zin.
  7476 | D:8      | Reached skill level 1 in Transmutations
  7590 | D:8      | Noticed Grum
  7599 | D:8      | Killed Grum
  7606 | D:8      | Reached skill level 13 in Spellcasting
  7606 | D:8      | Reached XP level 10. HP: 41/50 MP: 9/29
  7609 | D:8      | Acquired Yredelemnul's third power
  7798 | D:8      | Reached skill level 1 in Charms
  8140 | D:9      | Found an ancient bone altar of Kikubaaqudgha.
  8140 | D:9      | Found an opulent altar of Gozag.
  8186 | D:9      | Noticed a centaur warrior
  8438 | D:9      | Killed a centaur warrior
  8734 | D:9      | Reached skill level 14 in Spellcasting
  9044 | D:9      | Found a sparkling altar of Nemelex Xobeh.
  9219 | D:10     | Entered Level 10 of the Dungeon
  9224 | D:10     | Got a steaming battleaxe
  9228 | D:10     | Identified the cursed +1 battleaxe "Bisiph" {venom, rC+} (You found it on level 10 of the Dungeon)
  9305 | D:10     | Acquired Yredelemnul's fourth power
  9517 | D:10     | Found a staircase to the Lair.
  9945 | D:10     | Received a gift from Yredelemnul
 10050 | D:10     | Got a brightly glowing ring mail
 10167 | D:10     | Mangled by a spiny frog

Vault maps used:
D:1:      scummos_arrival_hexagon, serial_bayou_lagoon_b
D:2:      uniq_iyjb, uniq_sigmund
D:3:      first_bread, ecumenical_altar_2, kennysheep_generic_room_8,
          uniq_terence
D:4:      xom_teletrap_fun
D:5:      basic_altar, kennysheep_nondescript, kennysheep_another_room,
          minmay_hedge_maze
D:7:      lemuel_crystal_altar, lemuel_doored_altar, grunt_ogre_cave,
          elyvilon_altar_3
D:8:      kennysheep_little_box, uniq_grum
D:9:      minitemple, gammafunk_temple_overflow_forgotten, orc_0_dummy,
          minivault_27
D:10:     grunt_lair_entry_elf_guard_hut, serial_co_window_serial,
          co_window_paths_b, co_window_paths_a, co_window_paths_a,
          co_window_of_opportunity_a, co_window_paths_b, co_window_corner_a,
          co_window_corner_a, co_window_cross_2, co_window_unsneaky_path_e,
          co_window_cross_3, co_window_cross_2, co_window_unsneaky_path_c,
          co_window_paths_c, glass_columns_a, glass_columns_a, glass_columns_c,
          glass_columns_b, glass_columns_c
Temple:   corrupted_temple

Action                   |  1- 3 |  4- 6 |  7- 9 | 10-12 || total
-------------------------+-------+-------+-------+-------++-------
Melee: Unarmed           |     2 |       |       |       ||     2
       Falchion          |       |    35 |    86 |    15 ||   136
       Battleaxe         |       |       |       |    25 ||    25
 Fire: Blowgun           |       |       |    15 |       ||    15
Throw: Javelin           |       |       |     1 |       ||     1
 Cast: Magic Dart        |    87 |   111 |   215 |    94 ||   507
       Blink             |     9 |     3 |    25 |     6 ||    43
       Conjure Flame     |     3 |    10 |    46 |     6 ||    65
       Mephitic Cloud    |     3 |     4 |    47 |    44 ||    98
       Call Imp          |     3 |     4 |    16 |     2 ||    25
       Ignite Poison     |       |       |     5 |    35 ||    40
       Repel Missiles    |       |       |       |     1 ||     1
Invok: Animate Remains   |       |     1 |     4 |       ||     5
       Injury Mirror     |       |       |     1 |       ||     1
       Animate Dead      |       |       |       |     8 ||     8
Evoke: Wand              |       |       |       |     2 ||     2
  Use: Potion            |     1 |       |     3 |       ||     4
       Scroll            |       |       |       |     2 ||     2
 Stab: Confused          |       |     1 |     3 |     2 ||     6
       Sleeping          |       |     1 |       |       ||     1
       Distracted        |       |       |     1 |       ||     1
  Eat: Chunk             |     1 |     8 |    17 |     9 ||    35
       Beef jerky        |       |       |     1 |       ||     1
